 Dungeon Crawl Stone Soup version 0.27.1 (webtiles) character file.

Game seed: 10764814553026349669

22 Kala the Grasshopper (level 2, -2/23 HPs)
             Began as a Palentonga Warper on Sept 2, 2021.
             Slain by a gnoll (5 damage)
             ... on level 1 of the Dungeon.
             The game lasted 00:04:52 (1160 turns).

Kala the Grasshopper (Palentonga Warper)            Turns: 1160, Time: 00:04:53

Health: -2/23      AC:  4    Str: 14    XL:     2   Next: 68%
Magic:  3/5        EV:  9    Int: 13    God:
Gold:   74         SH:  0    Dex:  9    Spells: 3/5 levels left

rFire    . . .     SeeInvis +   a - +0 mace
rCold    . . .     Faith    .   (no shield)
rNeg     . . .     Spirit   .   b - +0 leather armour
rPois    .         Reflect  .   (no helmet)
rElec    .         Harm     .   (no cloak)
rCorr    .         Rampage  .   (no gloves)
Will     .....                  (no barding)
Stlth    +.........             (no amulet)
HPRegen  0.07/turn              (no ring)
MPRegen  0.09/turn              (no ring)

@: no status effects
A: large, rugged brown scales 3, see invisible, deformed body, roll 1, armoured
tail
a: Rolling Charge


You were on level 1 of the Dungeon.
You visited 1 branch of the dungeon, and saw 1 of its levels.

You collected 74 gold pieces.

Inventory:

Hand Weapons
 a - a +0 mace (weapon)
Missiles
 d - 5 boomerangs of dispersal (quivered)
Armour
 b - a +0 leather armour (worn)
 e - a +0 buckler
Scrolls
 c - a scroll of enchant armour {unknown}


   Skills:
 + Level 2.2 Fighting
 + Level 2.5 Maces & Flails
 - Level 0.6 Throwing
 + Level 1.0 Armour
 + Level 1.6 Dodging
 + Level 2.1 Spellcasting
 + Level 3.2 Translocations


You had 3 spell levels left.
You knew the following spells:

 Your Spells              Type           Power      Damage    Failure   Level
a - Blink                 Tloc           N/A        N/A       13%         2

Your spell library contained the following spells:

 Spells                   Type           Power      Damage    Failure   Level
 Gell's Gravitas          Tloc           4%         N/A       26%         3
 Lesser Beckoning         Tloc           4%         N/A       26%         3
 Teleport Other           Tloc           9%         N/A       26%         3
 Static Discharge         Conj/Air       1%         N/A       43%         2
 Manifold Assault         Tloc           9%         N/A       93%         5
 Dispel Undead            Necr           1%         3d6       97%         4
 Sticky Flame             Conj/Fire      1%         2d3       97%         4


Dungeon Overview and Level Annotations

Branches:
Dungeon (1/15)

Altars:


Innate Abilities, Weirdness & Mutations

You are completely covered in rugged brown scales. (AC +3, +7% HP)
You have supernaturally acute eyesight. (SInv)
Armour fits poorly on your strangely shaped body.
You can roll at nearby foes to attack.
You have a long armoured tail.


Message History

The endoplasm quivers.
You hit the jackal.
You kill the jackal!
You closely miss the gnoll. The gnoll hits you with a +0 club.
You hit the gnoll but do no damage. The gnoll hits you with a +0 club.
You are too injured to fight recklessly!
You are too injured to fight recklessly!
Okay, then.
Casting: Blink (safe; 13% risk of failure)
Confirm with . or Enter, or press ? or * to list all spells.
You blink.
The gnoll closely misses you. The gnoll hits you with a +0 club.
* * * LOW HITPOINT WARNING * * *
Casting: Blink (safe; 13% risk of failure)
Confirm with . or Enter, or press ? or * to list all spells.
You blink.
A ball python comes into view.
Found a buckler.
The ball python hisses angrily.
The ball python bites you.
* * * LOW HITPOINT WARNING * * *
The ball python closely misses you. The ball python barely misses you.
You see here a +0 buckler.
e - a +0 buckler The ball python barely misses you.
The ball python bites you but does no damage.
Keep equipping yourself?
You start putting on your armour.
You continue putting on your +0 buckler.
The ball python barely misses you.
You continue putting on your +0 buckler.
The ball python barely misses you. The gnoll closely misses you.
The ball python completely misses you.
You continue putting on your +0 buckler.
The ball python barely misses you. The gnoll hits you with a +0 club.
* * * LOW HITPOINT WARNING * * *
You continue putting on your +0 buckler.
The ball python closely misses you. The endoplasm closely misses you.
The gnoll hits you with a +0 club.
You die...

###### ####### #..... ......#
#.#### ......###################
#.#.## .................#...)..#
#.#...
.................#......####.#.##
.................#.........#.P...
.......♣♣.♣♣...gJ#.........#..♣..
.......♣P.P♣...S@#....^....#.PP..
.......♣♣.♣♣.....#.........#.#.##
.......♣♣.♣♣.....#.........#.###
.......♣♣.♣♣######.........#.# .
##†##........................♣
...........................PPPP
##†##....)...........###.P♣P♣♣♣ ♣
#.#####.#########......P.♣♣♣♣♣♣♣
#.####........###......#.P♣♣...P


You could see a gnoll, an endoplasm and a ball python.

Vanquished Creatures
  A giant cockroach (D:1)
  2 goblins (D:1)
  3 hobgoblins (D:1)
  5 jackals (D:1)
  2 kobolds (D:1)
  2 ball pythons (D:1)
  A bat (D:1)
  A frilled lizard (D:1)
  A rat (D:1)
18 creatures vanquished.

Vanquished Creatures (others)
  A plant (D:1)
1 creature vanquished.

Grand Total: 19 creatures vanquished

Notes
Turn   | Place    | Note
-------+----------+-------------------------------------------
     0 | D:1      | Kala the Palentonga Warper began the quest for the Orb.
     0 | D:1      | Reached XP level 1. HP: 17/17 MP: 3/3
   173 | D:1      | Reached XP level 2. HP: 3/23 MP: 5/5
   482 | D:1      | Learned a level 2 spell: Blink
  1045 | D:1      | Reached skill level 1 in Armour
  1160 | D:1      | Slain by a gnoll

Illustrated notes

Levels and vault maps discovered:
D:1:      heliophobic_arrival_battle_scene, layout_basic,
          basic_ecumenical_altar, serial_forest, infiniplex_forest_clump_tiny,
          infiniplex_forest_clump_double, infiniplex_forest_straight_4,
          infiniplex_forest_clump_cross, infiniplex_forest_clump_long,
          infiniplex_forest_end_1, minmay_pentomino_q4

Skill      XL: |  1  2 |
---------------+-------+-----
Armour         | 1 |  1.0
Fighting       | |  2.2
Maces & Flails | |  2.5
Throwing       | |  0.6
Dodging        | |  1.6
Spellcasting   | |  2.1
Translocations | |  3.2

Action                   || total
-------------------------++-------
Melee: Mace              ||    65
       Tailslap          ||     5
 Cast: Blink             ||     2
  Use: Scroll            ||     2
Armor: Leather armour    ||    34
Dodge: Dodged            ||    47
